 Dungeon Sprint DCSS version 0.24.1-14-gf8d2b509d9 (webtiles) character file.

Game seed: 16298534822715291658, levelgen mode: deterministic

413 sahdkjhfkaj the Martial Artist (level 6, 0/51 HPs)
             Began as a Gnoll Transmuter on Oct 20, 2020.
             Was an Initiate of Gozag.
             Succumbed to a hornet's poison
             ... in the Dungeon (Sprint IX: "|||||||||||||||||||||||||||||").
             The game lasted 00:04:00 (543 turns).

sahdkjhfkaj the Martial Artist (Gnoll Transmuter)    Turns: 543, Time: 00:04:01

Health: 0/51       AC:  4    Str: 14    XL:     6   Next: 90%
Magic:  12/16      EV: 19    Int: 15    God:    Gozag
Gold:   468        SH:  0    Dex: 19    Spells: 7/19 levels left

rFire    . . .     SeeInvis .     - Unarmed
rCold    . . .     Gourm    .   (shield currently unavailable)
rNeg     . . .     Faith    .   b - +0 robe
rPois    .         Spirit   .   p - +0 helmet
rElec    .         Reflect  .   o - +0 cloak
rCorr    .         Harm     .   (gloves currently unavailable)
MR       .....     NoTele   +   (no boots)
Stlth    +++.......             (no amulet)
HPRegen  0.17/turn              r - +2 ring of evasion
MPRegen  0.15/turn              q - +3 ring of dexterity

@: lethally poisoned (0 -> -26), blade hands, very slightly contaminated,
slowed, very slow
A: distributed training, fangs 1, strong nose
a: End Transformation, Potion Petition, Call Merchant, Bribe Branch, Renounce
Religion


You were in the Dungeon.
You worshipped Gozag.
Gozag was aware of your devotion.
You were not hungry.
You had blades for hands.
You visited 1 branch You collected 468 gold pieces.

Inventory:

Missiles
 a - 38 arrows
 c - 4 boomerangs (quivered)
Armour
 b - a +0 robe (worn)
 o - a +0 cloak (worn)
 p - a +0 helmet (worn)
Jewellery
 q - a +3 ring of dexterity (right scythe-like blade)
 r - a +2 ring of evasion (left scythe-like blade)
Wands
 n - a wand of iceblast (10)
Scrolls
 j - a scroll of blinking
 l - 3 scrolls of remove curse
 m - 2 scrolls of amnesia
Potions
 e - a potion of invisibility
 f - 3 potions of heal wounds
 g - a potion of haste
 h - 4 potions of magic
 k - 4 potions of curing
Comestibles
 d - a ration


   Skills:
 + Level 5.6 Fighting
 + Level 4.9 Short Blades
 + Level 4.9 Long Blades
 + Level 4.9 Axes
 + Level 4.9 Maces & Flails
 + Level 4.9 Polearms
 + Level 4.9 Staves
 + Level 4.9 Slings
 + Level 4.9 Bows
 + Level 4.9 Crossbows
 + Level 4.9 Throwing
 + Level 4.9 Armour
 + Level 6.8 Dodging
 + Level 4.9 Stealth
 + Level 4.9 Shields
 + Level 8.3 Unarmed Combat
 + Level 7.1 Spellcasting
 + Level 4.0 Conjurations
 + Level 4.0 Hexes
 + Level 4.0 Charms
 + Level 4.0 Summonings
 + Level 4.0 Necromancy
 + Level 4.0 Translocations
 + Level 5.6 Transmutations
 + Level 4.0 Fire Magic
 + Level 4.0 Ice Magic
 + Level 4.0 Air Magic
 + Level 4.0 Earth Magic
 + Level 4.0 Poison Magic
 + Level 5.4 Invocations
 + Level 4.9 Evocations


You had 7 spell levels left.
You knew the following spells:

 Your Spells              Type           Power        Failure   Level  Hunger
a - Beastly Appendage     Tmut           ###...       17%         1    None
A - Blade Hands           Tmut           ###.......   77%         5    #####..
F - Ice Form              Ice/Tmut       ###.....     61%         4    ####...
T - Sticks to Snakes      Tmut           ###.....     21%         2    None

Your spell library contained the following spells:

 Spells                   Type           Power        Failure   Level  Hunger
 Spider Form              Tmut/Pois      ###.......   34%         3    ##.....


Dungeon Overview and Level Annotations

Branches:
Dungeon (1/1)

Altars:
Cheibriados
Dithmenos
Elyvilon
Fedhas
Gozag
Hepliaklqana
Kikubaaqudgha
Makhleb
Nemelex Xobeh
Okawaru
Qazlal
Ru
Sif Muna
Trog
Uskayaw
Vehumet
Wu Jian
Xom
Yredelemnul
Zin
The Shining One
Beogh
Jiyva
Lugonu


Innate Abilities, Weirdness & Mutations

Your experience applies equally to all skills.
You have very sharp teeth.
Your uncanny sense of smell can sniff out nearby items.


Message History

You are lethally poisoned!
You feel as though you will be slow longer.
Unknown command.
You closely miss the hornet. Your slash misses the hornet.
The hornet is moderately wounded.
* * * LOW HITPOINT WARNING * * *
You feel very sick. The hornet stings you!
* * * LOW HITPOINT WARNING * * *
You feel as though you will be slow longer.
Unknown command.
Unknown command.
Unknown command.
Unknown command.
Blink to where?
Press: ? - help, Dir - move target cursor You are very lightly contaminated with residual magic.
As you read the scroll of blinking, it crumbles to dust.
You die...
Your body crumbles into a pile of gold.

▓y▓
∆
▓§▓
∆
▓.▓
∆ $
▓.▓
$
▓.▓
∆ $
▓)▓
$
▓.▓
∆ $
▓.▓
∆
▓@▓
∆ $
▓.▓
∆
▓.▓
$
▓[▓
▓.▓
$
▓.▓
▓)▓
$
▓|▓
$
▓.▓
$


There were no monsters in sight!

Vanquished Creatures
  An ogre (D)
  A centaur (D)
  A bullfrog (D)
  A howler monkey (D)
  2 crimson imps (D)
  A quasit (D)
  A hound (D)
  3 dart slugs (D)
  An orc (D)
  2 ball pythons (D)
  A bat zombie (D)
  A kobold (D)
16 creatures vanquished.

Notes
Turn   | Place    | Note
-------+----------+-------------------------------------------
     0 | D        | sahdkjhfkaj the Gnoll Transmuter began the quest for the
                  | Orb.
     0 | D        | Reached XP level 1. HP: 17/17 MP: 6/6
     9 | D        | Reached skill level 5 in Spellcasting
    11 | D        | Reached skill level 1 in Short Blades
    11 | D        | Reached skill level 1 in Long Blades
    11 | D        | Reached skill level 1 in Axes
    11 | D        | Reached skill level 1 in Maces & Flails
    11 | D        | Reached skill level 1 in Polearms
    11 | D        | Reached skill level 1 in Staves
    11 | D        | Reached skill level 1 in Slings
    11 | D        | Reached skill level 1 in Bows
    11 | D        | Reached skill level 1 in Crossbows
    11 | D        | Reached skill level 1 in Throwing
    11 | D        | Reached skill level 1 in Armour
    11 | D        | Reached skill level 1 in Stealth
    11 | D        | Reached skill level 1 in Shields
    11 | D        | Reached skill level 1 in Invocations
    11 | D        | Reached skill level 1 in Evocations
    11 | D        | Reached XP level 2. HP: 20/23 MP: 6/8
    16 | D        | Reached skill level 1 in Conjurations
    16 | D        | Reached skill level 1 in Hexes
    16 | D        | Reached skill level 1 in Charms
    16 | D        | Reached skill level 1 in Summonings
    16 | D        | Reached skill level 1 in Necromancy
    16 | D        | Reached skill level 1 in Translocations
    16 | D        | Reached skill level 1 in Fire Magic
    16 | D        | Reached skill level 1 in Ice Magic
    16 | D        | Reached skill level 1 in Air Magic
    16 | D        | Reached skill level 1 in Earth Magic
    16 | D        | Reached skill level 1 in Poison Magic
   155 | D        | Learned a level 2 spell: Sticks to Snakes
   156 | D        | Noticed an ogre
   156 | D        | Noticed a crimson imp
   175 | D        | Killed a crimson imp
   175 | D        | Reached skill level 5 in Dodging
   175 | D        | Reached XP level 3. HP: 25/29 MP: 9/9
   178 | D        | Reached skill level 7 in Unarmed Combat
   178 | D        | Reached XP level 4. HP: 32/37 MP: 9/11
   180 | D        | Killed an ogre
   180 | D        | Reached XP level 5. HP: 38/43 MP: 9/13
   323 | D        | Learned a level 5 spell: Blade Hands
   328 | D        | Learned a level 4 spell: Ice Form
   330 | D        | Found a roughly hewn altar of Beogh.
   330 | D        | Found a snail-covered altar of Cheibriados.
   330 | D        | Found a shadowy altar of Dithmenos.
   330 | D        | Found a white marble altar of Elyvilon.
   330 | D        | Found a blossoming altar of Fedhas.
   330 | D        | Found an opulent altar of Gozag.
   331 | D        | Found a hazy altar of Hepliaklqana.
   332 | D        | Found a viscous altar of Jiyva.
   333 | D        | Found an ancient bone altar of Kikubaaqudgha.
   334 | D        | Found a corrupted altar of Lugonu.
   335 | D        | Found a burning altar of Makhleb.
   336 | D        | Found a sparkling altar of Nemelex Xobeh.
   337 | D        | Found an iron altar of Okawaru.
   338 | D        | Became a worshipper of Gozag Ym Sagoz the Greedy
   339 | D        | Found a stormy altar of Qazlal.
   340 | D        | Found a sacrificial altar of Ru.
   341 | D        | Found a shimmering blue altar of Sif Muna.
   342 | D        | Found a bloodstained altar of Trog.
   343 | D        | Found a hide-covered altar of Uskayaw.
   344 | D        | Found a radiant altar of Vehumet.
   345 | D        | Found an ornate altar of the Wu Jian Council.
   346 | D        | Found a shimmering altar of Xom.
   347 | D        | Found a basalt altar of Yredelemnul.
   348 | D        | Found a glowing silver altar of Zin.
   349 | D        | Found a glowing golden altar of the Shining One.
   388 | D        | Noticed a centaur
   391 | D        | Reached skill level 5 in Transmutations
   391 | D        | Reached XP level 6. HP: 50/50 MP: 8/15
   393 | D        | Reached skill level 5 in Fighting
   398 | D        | Reached skill level 8 in Unarmed Combat
   398 | D        | Reached skill level 5 in Invocations
   465 | D        | Noticed a necrophage
   465 | D        | Noticed a hungry ghost
   465 | D        | Noticed a slime creature
   465 | D        | Noticed a hornet
   543 | D        | Succumbed to a hornet's poison

Levels and vault maps discovered:
D:        linesprint [early_d, line_temple, items_1, d_10, items_2, lair_1,
          lair_end, items_3, orc_1, orc_end, items_4, d_15, swamp_1, shoals_1,
          snake_1, spider_1, d_20, vaults_1, items_5, swamp_end, shoals_end,
          snake_end, spider_end, vaults_end, d_27, items_6, zot_1, zot_end,
          crypt_end, forest_end, elf_end, slime_end, tomb_end, abyss_end,
          pan_hell_end]

Skill      XL: |  1  2  3  4  5  6 |
---------------+-------------------+-----
Spellcasting   | 5 6 7 |  7.1
Short Blades   | 1 2 3 4 |  4.9
Long Blades    | 1 2 3 4 |  4.9
Axes           | 1 2 3 4 |  4.9
Maces & Flails | 1 2 3 4 |  4.9
Polearms       | 1 2 3 4 |  4.9
Staves         | 1 2 3 4 |  4.9
Slings         | 1 2 3 4 |  4.9
Bows           | 1 2 3 4 |  4.9
Crossbows      | 1 2 3 4 |  4.9
Throwing       | 1 2 3 4 |  4.9
Armour         | 1 2 3 4 |  4.9
Stealth        | 1 2 3 4 |  4.9
Shields        | 1 2 3 4 |  4.9
Invocations    | 1 2 3 4 5 |  5.4
Evocations     | 1 2 3 4 |  4.9
Conjurations   | 1 2 3 4 |  4.0
Hexes          | 1 2 3 4 |  4.0
Charms         | 1 2 3 4 |  4.0
Summonings     | 1 2 3 4 |  4.0
Necromancy     | 1 2 3 4 |  4.0
Translocations | 1 2 3 4 |  4.0
Fire Magic     | 1 2 3 4 |  4.0
Ice Magic      | 1 2 3 4 |  4.0
Air Magic      | 1 2 3 4 |  4.0
Earth Magic    | 1 2 3 4 |  4.0
Poison Magic   | 1 2 3 4 |  4.0
Fighting       | 3 4 5 |  5.6
Dodging        | 5 6 |  6.8
Transmutations | 4 5 |  5.6
Unarmed Combat | 7 8 |  8.3

Action                   |  1- 3 |  4- 6 || total
-------------------------+-------+-------++-------
Melee: Unarmed           |    27 |    25 ||    52
       Headbutt          |     1 |       ||     1
       Kick              |     3 |     1 ||     4
       Bite              |       |     2 ||     2
 Cast: Beastly Appendage |     2 |       ||     2
       Blade Hands       |       |     2 ||     2
       Ice Form          |       |     1 ||     1
  Use: Potion            |     2 |       ||     2
       Scroll            |       |     1 ||     1
Armor: Robe              |    13 |       ||    13
Dodge: Dodged            |    42 |    19 ||    61
